 Dungeon Crawl Stone Soup version 0.17-a0-1397-g0eee0a3 (webtiles) character file.

377636 wotan the Wrestler (level 22, 0/192 HPs)
             Began as a Ghoul Monk on June 14, 2015.
             Was the Champion of Makhleb.
             Slain by an ettin (illusionary)
             ... wielding a +0 dire flail
              (21 damage)
             ... on level 1 of the Depths on June 17, 2015.
             The game lasted 06:07:44 (56779 turns).

wotan the Wrestler (Ghoul Monk)                    Turns: 56779, Time: 06:07:44

Health: 0/192      AC: 35    Str: 21    XL:     22   Next: 81%
Magic:  29/29      EV: 12    Int:  5    God:    Makhleb [******]
Gold:   2999       SH:  9    Dex: 15    Spells: 0 memorised, 21 levels left

rFire  + + .     SeeInvis +       - Unarmed
rCold  + . .     Clarity  .     u - +8 plate armour of the Beggar {rF+ rCorr SInv}
rNeg   + + +     SustAt   .     t - +3 buckler {reflect}
rPois  ∞         Gourm    .     Y - +0 helmet
rElec  .         Spirit   .     V - +2 cloak
rCorr  +         Warding  .     (no gloves)
rMut   .         Stasis   .     f - +2 pair of boots {Stlth+}
MR     ++...                    (no amulet)
Stlth  ..........               O - ring "Rojeas" {rPois rF+ rN+ Str+3 Int-3}
                                F - ring of protection from magic

@: rotting, studying Slings, very resistant to hostile enchantments, extremely
unstealthy
A: rotting body, claws 1, carnivore 3, cold resistance 1, negative energy
resistance 3, slow healing 1, torment resistance, unbreathing
a: Minor Destruction, Lesser Servant of Makhleb, Major Destruction, Greater
Servant of Makhleb, Renounce Religion
}: 2/15 runes: barnacled, gossamer


You were on level 1 of the Depths.
You worshipped Makhleb.
Makhleb was exalted by your worship.
You were not hungry.

You visited 8 branches of the dungeon, and saw 41 of its levels.
You also visited: Ice Cave and Volcano.

You collected 5063 gold pieces.
You spent 2064 gold pieces at shops.

Inventory:

Hand weapons
 a - a +0 blowgun
Missiles
 q - 69 poisoned needles
Armour
 f - a +2 pair of boots of stealth (worn)
 s - the -2 hat of the Alchemist {rElec rPois rF+ rC+ rN+ MR+ rMut rCorr}
   (You found it on level 4 of the Shoals)

   It protects you from fire.
   It protects you from cold.
   It insulates you from electricity.
   It protects you from poison.
   It protects you from negative energy.
   It affects your resistance to hostile enchantments.
   It protects you from acid and corrosion.
   It protects you from mutation.
 t - a +3 buckler of reflection (worn)
 u - the +8 plate armour of the Beggar (worn) {rF+ rCorr SInv}
   (You bought it in a shop on level 1 of the Orcish Mines)

   It protects you from fire.
   It lets you see invisible.
   It protects you from acid and corrosion.
 M - a +0 gold dragon armour
 V - a +2 cloak (worn)
 Y - a +0 helmet (worn)
Jewellery
 d - an uncursed amulet of stasis
 w - a +3 ring of dexterity
 z - an uncursed ring of stealth
 E - an uncursed ring of flight
 F - a ring of protection from magic (left claw)
 O - the ring "Rojeas" (right claw) {rPois rF+ rN+ Str+3 Int-3}
   (You found it on level 4 of the Shoals)

   [ring of poison resistance]

   It affects your strength (+3).
   It affects your intelligence (-3).
   It protects you from fire.
   It protects you from poison.
   It protects you from negative energy.
Magical devices
 n - a wand of disintegration (9)
 p - a wand of fire (11)
 x - a wand of fireball (11)
 y - a wand of random effects (34)
 A - a wand of heal wounds (4)
 C - a wand of polymorph (11)
 I - a wand of draining (9)
 K - a wand of confusion (15)
 Q - a wand of digging (6)
 S - a wand of lightning (9)
 T - a wand of cold (10)
 Z - a wand of magic darts (8)
Scrolls
 e - 5 scrolls of remove curse
 g - 6 scrolls of fear
 j - 2 scrolls of blinking
 l - a scroll of magic mapping
 v - 4 scrolls of recharging
 J - 2 scrolls of enchant weapon
 L - 23 scrolls of identify
 R - 2 scrolls of fog
 W - 5 scrolls of teleportation
 X - a scroll of amnesia
Potions
 c - 5 potions of agility
 h - 5 potions of resistance
 i - 10 potions of brilliance
 m - 5 potions of cancellation
 o - 6 potions of flight
 B - 10 potions of curing
 H - 7 potions of might
 N - a potion of invisibility
 U - a potion of haste
Books
 P - a manual of Slings
Miscellaneous
 D - a box of beasts
Comestibles
 b - 24 meat rations
 k - 6 slices of pizza
 r - 8 beef jerkies
 G - 11 royal jellies


   Skills:
 - Level 15.1 Fighting
   Level 7.1 Bows
 - Level 17.8 Armour
 - Level 10.3 Dodging
 - Level 5.0 Stealth
 + Level 6.9 Shields
 - Level 24.1 Unarmed Combat
 - Level 11.0 Invocations
 - Level 4.8 Evocations


You had 21 spell levels left.
You didn't know any spells.

Dungeon Overview and Level Annotations

Branches:
Dungeon (15/15)            Temple (1/1) D:4            Lair (8/8) D:11
 Shoals (4/4) Lair:6       Spider (4/4) Lair:3        Slime (0/6) Lair:6
    Orc (4/4) D:11            Elf (0/3) Orc:3        Vaults (4/5) D:13
  Crypt (0/3) Vaults:3     Depths (1/5) D:15

Altars:
Ashenzari
Cheibriados
Dithmenos
Elyvilon
Fedhas
Gozag
Kikubaaqudgha
Makhleb
Nemelex Xobeh
Okawaru
Qazlal
Ru
Sif Muna
Trog
Vehumet
Xom
Yredelemnul
Zin
The Shining One
Beogh
Jiyva

Shops:
D:5 [**%*   D:7 (   D:10 [   D:15 !   Orc:1 ([*!   Orc:2 !   Orc:3 %
Orc:4 [*%(:   Shoals:3 :   Vaults:4 *

Portals:
Ziggurat: Depths:1

Annotations:
D:13 exclusion: obsidian statue
D:14 exclusion: Roxanne, Roxanne
Lair:7 exclusion: 3 oklob plants
Shoals:4 Ilsuiw


Innate Abilities, Weirdness & Mutations

Your body is rotting away.
You thrive on raw meat.
You are immune to poison.
You have sharp fingernails.
You are carnivorous and can eat meat at any time.
Your flesh is cold resistant.
You are immune to negative energy.
You heal slowly when monsters are visible.
You are immune to unholy pain and torment.
You can survive without breathing.


Message History

The ettin hits you with a dire flail! The ettin hits you but does no damage.
You mangle the ettin!!
The ettin is severely wounded.
You scratch the ettin but do no damage.
The ettin is severely wounded.
The ettin hits you with a dire flail!!
* * * LOW HITPOINT WARNING * * *
The ettin hits you but does no damage.
You scratch the ettin.
The ettin is severely wounded.
The rakshasa weaves an illusion.
The ogre shimmers and seems to become two!
You claw the ettin!
The ettin is almost dead.
You scratch the ettin but do no damage.
The ettin is almost dead.
The ettin hits you with a dire flail!!
* * * LOW HITPOINT WARNING * * *
The ettin hits you with a dire flail!!
You die...

#...§≈≈.....#####
#....≈......'(#>#
##..........#.#.##
#..........#....##
#..........###...##
#..........#
#....##
######'#####
#.....# #...#
####### ###@# #C#
.......O..#
......O...#
.(........#
......R...#
..........#
...........
..........##


You could see an ettin (bleeding), a rakshasa and 2 ogres.

Vanquished Creatures
  A tentacled monstrosity (Vaults:3)
  Rupert (D:12)
  Asterion (Lair:3)
  Agnes (Lair:3)
  A shadow dragon (Vaults:3)
  A tengu reaver (Vaults:4)
  Kirke (Lair:5)
  A fire giant (Vaults:4)
  Donald (Shoals:4)
  2 deep elf sorcerers (Vaults:3)
  6 ghost moths (Spider:4)
  11 vault wardens
  Aizul (Shoals:1)
  Louise (Spider:1)
  3 orc warlords (Orc:3)
  7 emperor scorpions
  13 ironheart preservers
  A very ugly thing (Vaults:3)
  7 stone giants
  Nessos (D:14)
  4 ettins
  15 vault guards
  Erolcha (D:13)
  The ghost of ololoev the Basher, a powerful OgHu of Okawaru (D:12)
  3 fire dragons
  A deep elf death mage (Vaults:2)
  Josephine (Lair:4)
  2 great orbs of eyes
  7 merfolk impalers
  8 yaktaur captains
  3 rakshasas (D:15)
  An ice dragon (shapeshifter) (Vaults:1)
  2 ice dragons
  2 entropy weavers
  2 ghost crabs (shapeshifter)
  3 hydras (D:14)
  3 merfolk avatars
  2 centaur warriors
  The ghost of Badjas the Unseen, a powerful OpMo of Gozag (D:9)
  3 alligator snapping turtles
  10 ogre magi
  2 satyrs
  9 merfolk aquamancers
  4 salamander stormcallers
  A deep troll shaman (D:15)
  14 death yaks
  An orc high priest (Orc:4)
  A titan zombie (Vaults:4)
  3 deep elf knights
  A fire crab (Vaults:3)
  13 sea snakes
  4 skeletal warriors
  2 small abominations (Vaults:3)
  2 shadow wraiths
  5 deep trolls
  An iron troll (D:15)
  9 ironbrand convokers
  3 lindwurms
  3 hill giants
  A harpy (shapeshifter) (D:15)
  A deep elf summoner (Vaults:3)
  13 harpies
  2 giant orange brains
  3 unseen horrors
  18 orc knights
  3 necromancers
  2 human zombies
  20 orb spiders
  2 deep elf conjurers (Vaults:4)
  12 fauns
  A salamander (shapeshifter) (D:14)
  30 wolf spiders
  4 orc sorcerers (Orc:4)
  5 wizards
  An oklob plant (Lair:7)
  7 water nymphs
  13 manticores
  9 griffons
  18 elephants
  An octopode (shapeshifter) (Vaults:4)
  5 moths of wrath
  4 black mambas
  6 cyclopes
  37 ugly things
  4 hornets
  Joseph (D:7)
  6 torpor snails
  19 sirens
  2 stone giant skeletons (Vaults:2)
  22 spiny frogs
  13 vault sentinels
  3 gargoyles
  The ghost of 4thArraOfDagon the Chopper, an experienced OpGl of Ru (D:8)
  2 komodo dragons (shapeshifter)
  4 efreet
  24 yaktaurs
  9 komodo dragons
  5 deep elf priests
  10 demonic crawlers
  5 kobold demonologists
  5 freezing wraiths
  A human skeleton (Vaults:2)
  37 jumping spiders
  9 fire drakes
  7 trolls
  A polar bear (shapeshifter) (Vaults:1)
  22 merfolk
  A wind drake (shapeshifter) (Vaults:2)
  11 two-headed ogres
  Prince Ribbit (D:6)
  3 wind drakes
  A two-headed ogre (shapeshifter) (D:13)
  2 giant leeches (Lair:8)
  A trapdoor spider zombie (D:14)
  A sphinx simulacrum (Vaults:2)
  A snapping turtle (shapeshifter) (D:14)
  A hornet zombie (D:10)
  20 blink frogs
  13 slime creatures
  A centaur simulacrum (D:15)
  11 boulder beetles
  3 shadows
  6 snapping turtles
  29 redbacks
  18 trapdoor spiders
  2 human simulacra
  77 yaks
  3 hogs
  6 wraiths
  25 tarantellas
  A trapdoor spider (shapeshifter) (Vaults:2)
  13 water elementals
  8 deep elf fighters
  4 basilisks
  16 humans
  3 steam dragons
  4 deep elf magi
  A wyvern (D:8)
  4 hungry ghosts
  11 hippogriffs
  21 vampire mosquitoes
  26 wolves
  2 mottled dragons (Lair:8)
  10 wargs
  15 water moccasins
  2 soldier ants (D:14)
  7 porcupines
  A sky beast (shapeshifter) (Vaults:1)
  17 spiders
  3 swamp drakes (Lair:8)
  3 phantoms
  3 sky beasts
  3 black bears
  48 orc warriors
  A necrophage (D:7)
  5 ice beasts
  6 wasps
  An eye of draining (D:12)
  13 boggarts
  46 ogres
  6 brain worms
  6 big kobolds
  18 centaurs
  20 crocodiles
  24 giant frogs
  Blork the orc (D:5)
  A wyvern zombie (D:6)
  2 water moccasin zombies
  A wyvern skeleton (D:14)
  6 scorpions
  7 crimson imps
  A giant frog zombie (D:6)
  7 hounds
  3 centaur zombies
  5 jellies
  28 orc priests
  A wasp zombie (D:11)
  Crazy Yiuf (D:5)
  4 giant frog skeletons
  38 orc wizards
  4 centaur skeletons
  3 iguanas
  7 worker ants
  A boulder beetle simulacrum (Vaults:2)
  A hell rat (Lair:4)
  33 sheep
  A hound zombie (D:7)
  2 hound skeletons (D:4)
  3 gnolls (D:3)
  9 adders
  67 river rats
  5 shadow imps
  An ooze (D:5)
  3 adder skeletons
  19 worms
  199 orcs
  3 ball pythons
  3 bat skeletons
  2 giant cockroaches (D:4)
  19 goblins
  22 hobgoblins
  8 jackals
  9 quokkas
  14 bats
  5 giant geckos
  A giant gecko skeleton (D:8)
  3 giant newts
  2 jackal zombies
  42 kobolds
  A quokka skeleton (D:7)
  A quokka zombie (D:7)
  14 rats
  5 plants
1872 creatures vanquished.

Vanquished Creatures (collateral kills)
  5 ice beasts (IceCv)
5 creatures vanquished.

Vanquished Creatures (others)
  A fire dragon (Lair:8)
  A centaur warrior (Vaults:2)
  2 ogre magi
  A deep troll (Vaults:4)
  A komodo dragon (shapeshifter) (Vaults:2)
  A yaktaur (Vaults:4)
  A jumping spider (Depths:1)
  2 redbacks (Depths:1)
  A centaur (Vaults:2)
  3 ogres
  5 fungi
  4 plants
  8 tentacles (Shoals:4)
  457 tentacle segments (Shoals:4)
488 creatures vanquished.

Grand Total: 2365 creatures vanquished

Notes
Turn   | Place    | Note
--------------------------------------------------------------
     0 | D:1      | wotan the Ghoul Monk began the quest for the Orb.
     0 | D:1      | Reached XP level 1. HP: 19/19 MP: 0/0
   400 | D:1      | Reached XP level 2. HP: 20/26 MP: 1/1
   848 | D:2      | Reached skill level 5 in Unarmed Combat
  1085 | D:2      | Reached XP level 3. HP: 22/31 MP: 2/2
  1813 | D:2      | Reached XP level 4. HP: 30/37 MP: 3/3
  2025 | D:3      | Reached skill level 6 in Unarmed Combat
  2350 | D:3      | Found a stormy altar of Qazlal.
  2793 | D:4      | Reached XP level 5. HP: 37/45 MP: 4/4
  2999 | D:4      | Reached skill level 7 in Unarmed Combat
  3128 | D:4      | Noticed a giant frog
  3129 | D:4      | Found a staircase to the Ecumenical Temple.
  3140 | D:4      | Killed a giant frog
  3140 | D:4      | Reached XP level 6. HP: 38/50 MP: 5/5
  3158 | Temple   | Entered the Ecumenical Temple
  3628 | D:5      | Entered Level 5 of the Dungeon
  3647 | D:5      | Reached skill level 1 in Armour
  4147 | D:5      | Reached XP level 7. HP: 26/56 MP: 6/6
  4330 | D:5      | Noticed Crazy Yiuf
  4348 | D:5      | Killed Crazy Yiuf
  4781 | D:5      | Found Lerics's Antique Armour Shop.
  4903 | D:5      | Noticed Blork the orc
  4917 | D:5      | Killed Blork the orc
  5036 | D:5      | Found Nol Tyen's Food Emporium.
  5062 | D:5      | Found Kiallis's General Store.
  5067 | D:5      | Bought a +2 pair of boots of stealth for 301 gold pieces
  5234 | D:5      | Found Meskidwu's Assorted Antiques.
  5369 | D:5      | Found Dawiutoe's Assorted Antiques.
  5655 | D:6      | Reached skill level 5 in Armour
  5732 | D:6      | Noticed Prince Ribbit
  5756 | D:7      | Reached XP level 8. HP: 59/63 MP: 7/7
  5857 | D:7      | Reached skill level 8 in Unarmed Combat
  5902 | D:7      | Noticed a steam dragon
  5917 | D:7      | Killed a steam dragon
  5917 | D:7      | Reached skill level 9 in Unarmed Combat
  6115 | D:7      | Found Dof Kueleorgh's Weapon Shoppe.
  6169 | D:7      | Reached skill level 10 in Unarmed Combat
  6258 | D:7      | Reached XP level 9. HP: 55/70 MP: 8/8
  6339 | D:7      | Noticed Joseph
  6524 | D:6      | Reached skill level 11 in Unarmed Combat
  6815 | D:6      | Found a sparkling altar of Nemelex Xobeh.
  6815 | D:6      | Found an opulent altar of Gozag.
  7444 | D:6      | Found an opulent altar of Gozag.
  7934 | D:8      | Noticed 4thArraOfDagon's ghost (experienced OpGl)
  8124 | D:8      | Reached skill level 12 in Unarmed Combat
  8727 | D:6      | Reached skill level 5 in Fighting
  8831 | D:6      | Killed Prince Ribbit
  8995 | D:7      | Found Dof Kueleorgh's Weapon Shoppe.
  9744 | D:8      | Reached XP level 10. HP: 81/85 MP: 9/9
  9887 | D:7      | Killed Joseph
 10163 | D:9      | Noticed Badjas's ghost (powerful OpMo)
 10392 | D:9      | Found a snail-covered altar of Cheibriados.
 10395 | D:9      | Found an ancient bone altar of Kikubaaqudgha.
 10396 | D:9      | Found a white marble altar of Elyvilon.
 10398 | D:9      | Found a burning altar of Makhleb.
 10406 | D:9      | Became a worshipper of Makhleb the Destroyer
 10406 | D:9      | Acquired Makhleb's first power
 10406 | D:9      | Acquired Makhleb's second power
 10474 | D:9      | Killed Badjas's ghost
 10640 | D:9      | Got a bloodstained leather armour
 10651 | D:9      | Identified the cursed +1 leather armour "Ejearonu" {rC+} (You found it on level 9 of the Dungeon)
 10747 | D:9      | Reached skill level 5 in Invocations
 11019 | D:8      | Killed 4thArraOfDagon's ghost
 11046 | D:10     | Entered Level 10 of the Dungeon
 11242 | D:10     | Found a staircase to the Orcish Mines.
 11604 | D:10     | Acquired Makhleb's third power
 11611 | D:10     | Reached XP level 11. HP: 45/95 MP: 15/15
 11623 | D:10     | Reached skill level 5 in Dodging
 11641 | D:10     | Found Ginia's Armour Shoppe.
 11689 | D:10     | Bought a +2 buckler of reflection for 259 gold pieces
 12078 | D:10     | Reached skill level 1 in Shields
 12452 | D:11     | Found a staircase to the Lair.
 12485 | D:11     | Found a staircase to the Orcish Mines.
 12510 | D:11     | Found a frozen archway.
 12521 | IceCv    | Entered an ice cave
 12548 | IceCv    | Noticed an ice statue
 12548 | IceCv    | Noticed an ice statue
 13211 | D:11     | Reached skill level 5 in Shields
 13316 | D:11     | Acquired Makhleb's fourth power
 13470 | Lair:1   | Entered Level 1 of the Lair of Beasts
 13720 | Lair:1   | Got a slimy ring mail
 13731 | Lair:1   | Identified the +3 ring mail "Sidyhaso" {rC+ Dex+3} (You found it on level 1 of the Lair of Beasts)
 13786 | Lair:1   | Found a dark tunnel.
 13803 | Volcano  | Entered a volcano
 14063 | Lair:1   | Reached skill level 13 in Unarmed Combat
 14076 | Lair:1   | Reached XP level 12. HP: 86/103 MP: 16/16
 14792 | Lair:1   | Reached skill level 14 in Unarmed Combat
 14891 | Lair:2   | Acquired Makhleb's fifth power
 15957 | Lair:2   | Reached skill level 10 in Invocations
 16158 | Lair:3   | Reached XP level 13. HP: 110/110 MP: 20/20
 16227 | Lair:3   | Noticed a death yak
 16247 | Lair:3   | Noticed a death yak
 16248 | Lair:3   | Noticed a death yak
 16248 | Lair:3   | Noticed a death yak
 16281 | Lair:3   | Killed a death yak
 16281 | Lair:3   | Reached XP level 14. HP: 87/117 MP: 21/21
 16384 | Lair:3   | Noticed a death yak
 16386 | Lair:3   | Noticed a death yak
 16424 | Lair:2   | Killed a death yak
 16608 | Lair:3   | Found a hole to the Spider Nest.
 17036 | Lair:2   | Killed a death yak
 17036 | Lair:2   | Reached skill level 10 in Fighting
 17294 | Lair:2   | Killed a death yak
 17322 | Lair:2   | Killed a death yak
 17352 | Lair:3   | Killed a death yak
 17413 | Lair:4   | Noticed Josephine
 17432 | Lair:4   | Killed Josephine
 17489 | Lair:4   | quik: wotan!
 17505 | Lair:3   | wotan: quik!
 17511 | Lair:3   | quik: lord of the lair of beasts!
 17515 | Lair:3   | quik: warden of the north!
 17554 | Lair:3   | wotan: xD
 17654 | Lair:4   | quik: y como se llama el otro continente en castellano? poniente y?
 17767 | Lair:3   | wotan: no me sale xD
 17767 | Lair:3   | wotan: en ingles?
 17767 | Lair:3   | quik: essos
 17767 | Lair:3   | wotan: ah, pues es essos xD
 17767 | Lair:3   | quik: XD vaya por dios
 17767 | Lair:3   | quik: y para que traducen westeros entonces?
 17767 | Lair:3   | quik: quepeña
 17767 | Lair:3   | quik: xD
 17767 | Lair:3   | quik: chaito!
 18515 | Lair:5   | Noticed Kirke
 19248 | Lair:6   | Found a staircase to the Shoals.
 19268 | Lair:5   | Reached skill level 5 in Stealth
 20390 | Lair:6   | Reached skill level 15 in Unarmed Combat
 21275 | Lair:6   | Found a viscous altar of Jiyva.
 21276 | Lair:6   | Found a staircase to the Slime Pits.
 21296 | Lair:6   | You fall through a shaft for 2 floors!
 21296 | Lair:8   | Entered Level 8 of the Lair of Beasts
 21622 | Lair:8   | Reached XP level 15. HP: 86/133 MP: 22/22
 22423 | Lair:8   | Reached skill level 16 in Unarmed Combat
 22782 | Lair:8   | Found a runed door.
 22899 | Lair:8   | Lost intelligence.
 23089 | Lair:8   | Lost intelligence.
 23184 | Lair:8   | Reached skill level 17 in Unarmed Combat
 23395 | Lair:8   | Upgraded the game from 0.17-a0-1378-g281efdd to 0.17-a0-1382-gc46a074
 23608 | Lair:7   | quik: yo
 23608 | Lair:7   | quik: buah 1 de int
 23608 | Lair:7   | quik: te quedaste ahi al borde
 23608 | Lair:7   | quik: xDD
 23608 | Lair:7   | quik: pues ahora habria que ver cuanto daño te hacen
 23608 | Lair:7   | wotan: no, si llegué a estar a 0 xDD
 23608 | Lair:7   | quik: xDD
 23608 | Lair:7   | wotan: lo que perdí es lo que me quitó una me parece
 23608 | Lair:7   | wotan: o dos
 23608 | Lair:7   | quik: entonces supongo que no tienes fallo
 23608 | Lair:7   | wotan: y tengo que cruzar por agua, no se si será mejor hacer un blink
 23609 | Lair:7   | quik: el tema es que el scroll de blink es el consumable mas importante
 23609 | Lair:7   | quik: otra mas
 23609 | Lair:7   | quik: xD
 23609 | Lair:7   | quik: igual es mejor marchar
 23609 | Lair:7   | quik: y no matarlas
 23609 | Lair:7   | quik: la invisibilidad al final es una opcion?
 23609 | Lair:7   | quik: eso sonaba muy bien
 23609 | Lair:7   | quik: no ven invisible
 23609 | Lair:7   | wotan: no ven invisible
 23609 | Lair:7   | quik: ademas las potions of resistance son tambien un consumable importante y no hay muchas
 23609 | Lair:7   | wotan: no, si ya tengo una tomada xD
 23609 | Lair:7   | quik: yeah
 23609 | Lair:7   | quik: pero aun asi con las 4 plantas parece que te pegan bastante
 23609 | Lair:7   | quik: 2 potions of experience sin usar!
 23609 | Lair:7   | wotan: tengo dos de experience xDDD
 23609 | Lair:7   | wotan: que loco estoy
 23609 | Lair:7   | quik: lol
 23609 | Lair:7   | wotan: no me habia fijado
 23609 | Lair:7   | quik: hay partidas de 15 runas donde no se ve ninguna
 23609 | Lair:7   | quik: xD
 23609 | Lair:7   | wotan: uf, no tengo lo de invisible, pensaba qu si
 23609 | Lair:7   | quik: parece que no tienes invisibilidad! :D
 23609 | Lair:7   | quik: yo me iría
 23609 | Lair:7   | quik: pasito a pasito hacia la puerta
 23609 | Lair:7   | wotan: read teleport?
 23609 | Lair:7   | quik: reevaluando segun el daño que me hagan
 23610 | Lair:7   | wotan: voy a usar la maniobra de reti
 23610 | Lair:7   | quik: yo creo que da tiempo a cruzar, pero no me hago responsable!
 23610 | Lair:7   | quik: xD
 23611 | Lair:7   | quik: en ultimo caso tambien tienes curas
 23613 | Lair:7   | quik: pero ahi ya reti te has pasado, no?
 23613 | Lair:7   | quik: xD
 23613 | Lair:7   | wotan: no, reti perfecto
 23613 | Lair:7   | quik: ah, cierto
 23613 | Lair:7   | quik: xD
 23613 | Lair:7   | quik: well done
 23613 | Lair:7   | quik: xD
 23613 | Lair:7   | wotan: ahora como las otras no me dan puedo aspirar a pegarle a esa
 23613 | Lair:7   | quik: vale
 23613 | Lair:7   | quik: pero no te pongas en el agua
 23613 | Lair:7   | quik: que nos conocemos
 23613 | Lair:7   | quik: xD
 23613 | Lair:7   | quik: haz reti para ir al norte de la planta
 23613 | Lair:7   | wotan: reti otra vez xD
 23613 | Lair:7   | quik: xD7
 23740 | Lair:7   | quik: y yo ahora restearia y me iria tan tranquilo
 23740 | Lair:7   | quik: no creo que en dos turnos te pongan en trouble
 23740 | Lair:7   | quik: bueno, tres
 23745 | Lair:7   | quik: siempre tenemos scroll of fog si eso
 23747 | Lair:7   | quik: uf
 23747 | Lair:7   | quik: a la escalera
 23747 | Lair:7   | quik: xD
 23788 | Lair:6   | quik: jaja menudo lio habia ahi montado
 23788 | Lair:6   | wotan: menos mal que el 6 si que estaba casi cleared xD
 23866 | Lair:6   | quik: nunca vi esa vault con las tres escaleras
 23925 | Lair:6   | quik: ya es putada caerse por un shaft dejando esa vault en el medio
 23925 | Lair:6   | quik: xD
 23952 | Lair:6   | wotan: xD
 23952 | Lair:6   | wotan: pues voy a ver si el 7 lo acabo
 23954 | Lair:7   | quik: porque esa vault es un buen motivo para dejar lair en el 7 e irse a orc y a hacer la dungeon antes
 23954 | Lair:7   | wotan: ya xD
 23954 | Lair:7   | quik: xD
 24056 | Lair:7   | quik: acuerdate de las !exp
 24058 | Lair:7   | wotan: ah! xD
 24058 | Lair:7   | Reached skill level 18 in Unarmed Combat
 24058 | Lair:7   | Reached XP level 16. HP: 141/141 MP: 23/23
 24059 | Lair:7   | Reached XP level 17. HP: 148/148 MP: 24/24
 24106 | Lair:7   | quik: ah, ahora que lo pienso, alguien comentó en el foro que solo algunas pociones y pergaminos (los mas malos, basicamente) podian salir en stacks de mas de 1
 24110 | Lair:7   | quik: entonces eso facilitaba el mini-game de identificacion
 24110 | Lair:7   | wotan: ahm
 24110 | Lair:7   | wotan: ya
 24110 | Lair:7   | quik: y un dev, ni corto de perezoso, hizo un code & fix para que todos los items pudieran aparecer en stacks
 24110 | Lair:7   | quik: y creo que eso explica tus dos potions of exp
 24110 | Lair:7   | wotan: xDDD
 24110 | Lair:7   | wotan: pues puede ser
 24110 | Lair:7   | quik: y creo que ese code & fix desbalanceó las cosas
 24110 | Lair:7   | wotan: tambien hay unos mas probables que otros, por ahi tambien se puede adivinar
 24120 | Lair:7   | quik: no nos fijamos cuanta experiencia te dieron, pero es considerable
 24121 | Lair:7   | quik: xD
 24163 | Lair:7   | quik: si, yo creo que esas cosas son normales, no necesitan ser cambiadas
 24236 | Lair:7   | quik: y en todo caso, haría que todos los consumables aparezcan de 1 en 1
 24250 | Lair:7   | quik: y ya si eso le tocas las frecuencias para ajustarlo
 24356 | Lair:7   | quik: 13 ?identify a estas alturas de partida, raro, son muchos
 24359 | Lair:7   | quik: no tienes cosas para identificar?
 24359 | Lair:7   | quik: xD
 24359 | Lair:7   | wotan: las wands xD
 24359 | Lair:7   | quik: identifica heal wounds, fire, digging, lightning, cold
 24362 | Lair:7   | quik: y draining
 24366 | Lair:7   | quik: y ya que tienes aun muchos, si quieres identificar una de confusion o polymorph es una opcion tambien
 24368 | Lair:7   | quik: tambien me sorprende que lleves 5 libros encima y que no te haya hecho falta el espacio!
 24368 | Lair:7   | wotan: bien!
 24451 | Lair:7   | quik: yo sobre Lair 1 o 2 suelo llenarme
 24482 | Lair:7   | wotan: xD
 24482 | Lair:7   | wotan: pues no
 24482 | Lair:7   | wotan: a lo mejor habi algo en alguna tienda
 24654 | Lair:7   | wotan: brb!
 25273 | Lair:5   | Killed Kirke
 25273 | Lair:5   | Reached skill level 19 in Unarmed Combat
 25412 | Lair:5   | Reached skill level 1 in Evocations
 26060 | D:12     | Noticed ololoev's ghost (powerful OgHu)
 26077 | D:12     | Killed ololoev's ghost
 26377 | Orc:1    | Entered Level 1 of the Orcish Mines
 26377 | Orc:1    | Found Vexkiaqy's Armour Shop.
 26403 | Orc:1    | Found Yvohul's Assorted Antiques.
 26544 | Orc:1    | Found Rusezxesang's Distillery.
 27411 | Orc:1    | Found Yliylah's Weapon Boutique.
 27805 | Orc:2    | Found Yzaoseca's Distillery.
 27814 | Orc:2    | Found a roughly hewn altar of Beogh.
 28408 | Orc:3    | Found a staircase to the Elven Halls.
 28951 | Orc:4    | Entered Level 4 of the Orcish Mines
 28951 | Orc:4    | Found Tois's Food Shoppe.
 29223 | Orc:4    | Upgraded the game from 0.17-a0-1382-gc46a074 to 0.17-a0-1393-gcb420ff
 29646 | Orc:3    | Reached XP level 18. HP: 86/157 MP: 25/25
 29832 | Orc:4    | Found a roughly hewn altar of Beogh.
 30017 | Orc:4    | Found Ojawnof's Antique Weapon Shoppe.
 30045 | Orc:4    | Found Orecli's Antique Armour Shoppe.
 30191 | Orc:4    | Found Sicw's General Store.
 30197 | Orc:4    | Bought a scroll of fear for 42 gold pieces
 30197 | Orc:4    | Bought a potion of curing for 36 gold pieces
 30197 | Orc:4    | Bought a scroll of identify for 24 gold pieces
 30197 | Orc:4    | Bought a potion of haste for 120 gold pieces
 30213 | Orc:4    | Found Loce's Book Shoppe.
 30533 | D:13     | Found a gate to the Vaults.
 30533 | D:13     | Noticed Rupert
 30586 | Orc:1    | Bought the +8 plate armour of the Beggar {rF+ rCorr SInv} for 1128 gold pieces
 30703 | Spider:1 | Entered Level 1 of the Spider Nest
 30704 | Spider:1 | Noticed Agnes
 30719 | Lair:3   | Killed Agnes
 31435 | Spider:1 | Noticed Louise
 31456 | Spider:1 | Killed Louise
 31748 | Spider:1 | Noticed Asterion
 31785 | Lair:3   | Killed Asterion
 34572 | Spider:4 | Entered Level 4 of the Spider Nest
 36229 | Spider:4 | Reached XP level 19. HP: 165/165 MP: 26/26
 36647 | Spider:4 | Reached skill level 20 in Unarmed Combat
 36900 | Spider:4 | Got a gossamer rune of Zot
 37479 | D:12     | Killed Rupert
 37817 | D:13     | Noticed Erolcha
 37826 | D:13     | Killed Erolcha
 37826 | D:13     | Reached skill level 21 in Unarmed Combat
 38646 | D:14     | Noticed Nessos
 38673 | D:14     | Killed Nessos
 38794 | D:14     | Reached skill level 1 in Bows
 38873 | D:14     | Noticed Roxanne
 39483 | D:15     | Entered Level 15 of the Dungeon
 39941 | D:14     | Reached skill level 5 in Bows
 40084 | D:14     | HP: 6/164 [freezing wraith (10)]
 40084 | D:14     | HP: 2/164 [freezing wraith (4)]
 41270 | D:15     | Found Vuthracu's Distillery.
 41656 | D:15     | Reached XP level 20. HP: 169/169 MP: 27/27
 41675 | D:15     | Found a staircase to the Depths.
 42110 | Vaults:1 | Entered Level 1 of the Vaults
 42430 | Vaults:1 | quik: SI SE PUEDE
 42430 | Vaults:1 | wotan: xD
 42430 | Vaults:1 | wotan: vamos!
 42897 | Vaults:1 | quik: me haces un dump ? #
 42898 | Vaults:1 | wotan: what?
 42899 | Vaults:1 | quik: haha press #
 42899 | Vaults:1 | quik: merci
 42963 | Vaults:1 | Reached skill level 22 in Unarmed Combat
 42989 | Vaults:1 | quik: no te convencian las shoals? no me extraña, a mi tampoco
 42989 | Vaults:1 | quik: xDD
 42989 | Vaults:1 | wotan: nunca fui
 42989 | Vaults:1 | wotan: pero tenia recuerdo que me habias dicho que eran dificil xD
 43034 | Vaults:1 | quik: bueno, antes de vaults se suelen hacer, igualmente
 43056 | Vaults:1 | quik: xD
 43076 | Vaults:1 | wotan: ah ok xD
 43109 | Vaults:1 | quik: es jodido mostly porque son espacios muy abiertos
 43109 | Vaults:1 | wotan: ahm
 43109 | Vaults:1 | wotan: puedo ir ahora
 43109 | Vaults:1 | quik: se recomienda MR+++
 43110 | Vaults:1 | quik: y la invisibilidad es un great asset
 43110 | Vaults:1 | quik: hay muchos bichos que no ven invisible
 43110 | Vaults:1 | quik: yeah
 43110 | Vaults:1 | wotan: la MR la tengo, pero la invisibilidad no
 43166 | Vaults:1 | quik: una pena hoyga
 43512 | Vaults:1 | wotan: el buckler of reflection es muy divertido
 43535 | Vaults:1 | quik: si, mola
 43547 | Vaults:1 | quik: tambien funciona con los escarabajos, si no recuerdo mal
 43547 | Vaults:1 | quik: xD
 43600 | Vaults:1 | wotan: ahm
 44187 | Vaults:2 | Got a faintly glowing ring mail
 44198 | Vaults:2 | Identified the +3 ring mail "Afraso" {rElec rPois MR+} (You found it on level 2 of the Vaults)
 44198 | Vaults:2 | quik: asi da gusto!
 44198 | Vaults:2 | wotan: pero quien se habra dejado esto aqui!
 44198 | Vaults:2 | quik: XDD
 44327 | Vaults:2 | quik: ah, para shoals, los ?noise rompen el mesmerize
 44340 | Vaults:2 | quik: que es un hechizo que te hacen que te impide alejarte del bicho que te lo hace
 44340 | Vaults:2 | wotan: ah, cierto
 44340 | Vaults:2 | wotan: entonces tengo que buscarlos!
 44350 | Vaults:2 | quik: en ello estoy yo tb
 44351 | Vaults:2 | quik: xD
 44383 | Vaults:2 | quik: buah ya eres nivel 20
 44405 | Vaults:2 | quik: asi da gusto
 44408 | Vaults:2 | quik: xD
 44434 | Vaults:2 | quik: ah, las potions of experience fueron en este?
 44443 | Vaults:2 | wotan: si
 44443 | Vaults:2 | wotan: xD
 44443 | Vaults:2 | quik: mi madre
 44443 | Vaults:2 | quik: terriblemente OP
 44443 | Vaults:2 | quik: xD
 44443 | Vaults:2 | wotan: xDD
 45158 | Vaults:1 | wotan: bueno, voy a shoals a ver que tal xD
 45194 | Vaults:1 | quik: great!
 45374 | Shoals:1 | Entered Level 1 of the Shoals
 45427 | Shoals:1 | Reached skill level 23 in Unarmed Combat
 45751 | Shoals:1 | Noticed Aizul
 45773 | Shoals:1 | Killed Aizul
 45804 | Shoals:1 | wotan: pues nada, xD
 45808 | Shoals:1 | quik: no estaba mirando
 45808 | Shoals:1 | quik: xD
 45814 | Shoals:1 | wotan: no se que es lo que me mete tanta tralla de lejos
 45814 | Shoals:1 | quik: la tortuga esa mete mucho y es como si tuviera una lanza
 45818 | Shoals:1 | quik: ahora puedes hacer pillar dancing
 45818 | Shoals:1 | quik: que es dar vueltas a ese "edificio"
 45818 | Shoals:1 | quik: mientras te curas
 45818 | Shoals:1 | wotan: ah ok
 45823 | Shoals:1 | quik: es tedious
 45830 | Shoals:1 | quik: pero nadie dijo que ganar fuera facil xD
 45834 | Shoals:1 | quik: aunque te van a joder las mareas
 45834 | Shoals:1 | wotan: xD
 45834 | Shoals:1 | wotan: bueno, a ver
 45841 | Shoals:1 | quik: uh, tienen tomahawks
 45871 | Shoals:1 | quik: a donde vas tomas
 45871 | Shoals:1 | quik: xD
 45871 | Shoals:1 | wotan: xD
 45871 | Shoals:1 | wotan: queria ver si me iba
 45899 | Shoals:1 | quik: parece que los despistaste
 45901 | Shoals:1 | quik: xD
 46163 | Shoals:1 | wotan: no son muy rapidos
 46163 | Shoals:1 | wotan: o no se si es por el agua
 46170 | Shoals:1 | quik: los merfolk estan en su salsa en el agua
 46174 | Shoals:1 | quik: de hecho es mejor que pelees contra ellos en tierra
 46194 | Shoals:1 | quik: en el agua les sale su colita de merluza y les da algun bonus que no recuerdo
 46194 | Shoals:1 | wotan: ahm
 46425 | Shoals:1 | quik: los griffon para mi son amarillos :(
 46437 | Shoals:1 | quik: yo soy nivel 16 aqui xD
 46441 | Shoals:1 | quik: ah, pero yo no hice spider aun
 46441 | Shoals:1 | wotan: mima xD
 46441 | Shoals:1 | quik: never mind
 46441 | Shoals:1 | quik: xD
 46441 | Shoals:1 | wotan: que diferencia
 46927 | Shoals:2 | quik: pff jorgrun en shoals 2
 46957 | Shoals:2 | wotan: no lo recuerdo!
 46975 | Shoals:2 | quik: esta partida se esta cruzando de mas
 46976 | Shoals:2 | quik: uno que petrifica
 47095 | Shoals:2 | wotan: ahm
 47488 | Shoals:3 | Found Fog Ytoovy's Book Boutique.
 48435 | Shoals:3 | Reached XP level 21. HP: 179/179 MP: 28/28
 48458 | Shoals:3 | Reached skill level 24 in Unarmed Combat
 48793 | Shoals:4 | Entered Level 4 of the Shoals
 48822 | Shoals:4 | quik: maximo cuidado aqui
 48823 | Shoals:4 | wotan: nivel 4!
 48823 | Shoals:4 | quik: shoals:4 es jodido jodido
 48823 | Shoals:4 | wotan: entonces me voy!
 48835 | Shoals:4 | quik: XD hombre, irse tampoco
 48842 | Shoals:4 | quik: a nivel 21 habrá que hacerlo
 48842 | Shoals:4 | quik: pero con mucho cuidado
 48842 | Shoals:4 | wotan: xD
 48842 | Shoals:4 | wotan: ok
 49012 | Shoals:4 | Noticed Ilsuiw
 49690 | Shoals:4 | Noticed Donald
 49714 | Shoals:4 | Killed Donald
 49812 | Shoals:4 | Got a flickering turquoise ring
 49814 | Shoals:4 | Identified the ring "Rojeas" {rPois rF+ rN+ Str+3 Int-3} (You found it on level 4 of the Shoals)
 49881 | Shoals:4 | Reached skill level 15 in Fighting
 49909 | Shoals:4 | quik: gz
 49909 | Shoals:4 | quik: !
 49909 | Shoals:4 | wotan: danke!
 49919 | Shoals:4 | Got a barnacled rune of Zot
 49923 | Shoals:4 | quik: el mitico kraken!
 49923 | Shoals:4 | wotan: escapo? xD
 49925 | Shoals:4 | quik: no me acuerdo que hace
 49927 | Shoals:4 | quik: pero supongo que lo puedes matar
 49927 | Shoals:4 | quik: xD
 49934 | Shoals:4 | quik: XD
 49936 | Shoals:4 | quik: mirarlo es muy mainstream, no?
 49936 | Shoals:4 | quik: xD
 49937 | Shoals:4 | wotan: xDDD
 49937 | Shoals:4 | quik: XD
 50029 | Shoals:4 | wotan: pues no se, no me aclaro mucho xD
 50067 | Shoals:4 | wotan: voy a ignorarlo por prudencia xD
 50067 | Shoals:4 | quik: nice
 50074 | Shoals:4 | quik: anda, la mantícora era persa
 50078 | Shoals:4 | quik: pensaba que era griega
 50079 | Shoals:4 | quik: xD
 50087 | Shoals:4 | quik: que es eso violeta del suleo?
 50122 | Shoals:3 | quik: *suelo
 50122 | Shoals:3 | quik: xD
 50157 | Shoals:4 | quik: anda, que bonito
 50157 | Shoals:4 | quik: ese gorro es util
 50157 | Shoals:4 | wotan: juas xD
 50169 | Shoals:4 | quik: o sea, util cuando necesites alguna resistencia que no etngas
 50169 | Shoals:4 | quik: *tengas
 50169 | Shoals:4 | quik: si no el -2 no es good business
 50203 | Shoals:3 | wotan: nice
 50284 | Lair:6   | quik: este pj es un winner en potencia
 50284 | Lair:6   | quik: necesitas más dodge, más int
 50284 | Lair:6   | wotan: bien! xD
 50284 | Lair:6   | quik: y pienso que el resto está bien xD
 50284 | Lair:6   | wotan: pues entreno a ver
 50284 | Lair:6   | wotan: int tengo un -2 de un anlllo
 50284 | Lair:6   | quik: nice
 50284 | Lair:6   | quik: el riesgo es llegar a 0
 50284 | Lair:6   | quik: ya tu sabe
 50284 | Lair:6   | quik: xD
 50417 | Vaults:1 | wotan: xD
 51316 | Vaults:2 | quik: y sigues dando el callo en el tropela
 51316 | Vaults:2 | quik: gz
 51320 | Vaults:2 | quik: yo estoy recuperando tb, 4º xD
 51322 | Vaults:2 | wotan: xD
 51322 | Vaults:2 | wotan: si, voy bajando poquito a poco
 51323 | Vaults:2 | quik: confio en la otra crono para ponerme en el podium
 51323 | Vaults:2 | quik: xD
 51366 | Vaults:2 | wotan: xD
 51366 | Vaults:2 | wotan: bien
 51366 | Vaults:2 | wotan: como se me está liando aqui
 51366 | Vaults:2 | wotan: me teleportearé?
 51971 | Vaults:2 | quik: perdona, esoty haciendo la cena
 51977 | Vaults:2 | quik: veo que sigues bien, gz
 51978 | Vaults:2 | quik: xD
 52308 | Vaults:2 | wotan: xD
 52308 | Vaults:2 | wotan: si, al final lo lei y todo bien
 52331 | Vaults:3 | quik: nice
 52344 | Vaults:3 | Reached skill level 10 in Dodging
 53222 | Vaults:2 | quik: fernando romay en la tuerka en octubre de 2014
 53222 | Vaults:2 | quik: te voy a pasar el link en el gtalk por si te interesa, pero despues de GoT eh!
 53222 | Vaults:2 | quik: xD
 53222 | Vaults:2 | wotan: xDD
 53222 | Vaults:2 | wotan: ok!
 53222 | Vaults:2 | wotan: hoy no lo veré, pero aver mañana
 53243 | Vaults:3 | Reached skill level 15 in Armour
 53365 | Vaults:3 | Reached XP level 22. HP: 174/192 MP: 29/29
 53366 | Vaults:3 | quik: al muro!
 53565 | Vaults:3 | quik: que pocas luces tiene este hombre
 53578 | Vaults:3 | quik: ya lo parecia de comentarista, pero aqui se confirma xD
 53583 | Vaults:3 | wotan: xDDD
 53583 | Vaults:3 | wotan: vaya por dios
 53808 | Vaults:3 | Found a staircase to the Crypt.
 53808 | Vaults:3 | Found an ancient bone altar of Kikubaaqudgha.
 53809 | Vaults:3 | Found a basalt altar of Yredelemnul.
 54036 | Vaults:4 | wotan: bueno, lo dejo por hoy
 54036 | Vaults:4 | wotan: que ademas tengo que estar concentrado par estas fases! xD
 54049 | Vaults:4 | quik: muito bem!
 54049 | Vaults:4 | wotan: para que sirve el dump ese?
 54063 | Vaults:4 | quik: es un resumen de tu personaje
 54081 | Vaults:4 | quik: veo habilidades, equipo, zonas visitadas, etc
 54081 | Vaults:4 | wotan: ah ok
 54099 | Vaults:4 | wotan: pues talogo!
 54099 | Vaults:4 | Upgraded the game from 0.17-a0-1393-gcb420ff to 0.17-a0-1397-g0eee0a3
 54694 | Vaults:4 | Found Benovomee's General Store.
 54733 | Vaults:4 | Bought a scroll of magic mapping for 77 gold pieces
 54733 | Vaults:4 | Bought a scroll of fear for 77 gold pieces
 56458 | Depths:1 | Entered Level 1 of the Depths
 56458 | Depths:1 | Found a gateway to a ziggurat.
 56779 | Depths:1 | Slain by an ettin (illusionary)

Vault maps used:
D:1:      lemuel_arrival_tunnels
D:2:      serial_curves, eino_curves_01, eino_curves_04
D:3:      grunt_qazlal_clouds
D:4:      first_bread
D:5:      serial_shops, nicolae_shop_stone, nicolae_shop_crystal,
          nicolae_shop_stone, kennysheep_little_box, shop,
          uniq_crazy_yiuf_cottage, uniq_blork_the_orc
D:6:      grunt_temple_overflow_opulence, uniq_prince_ribbit1
D:7:      serial_shops, shop, uniq_joseph
D:9:      kennysheep_steamy, grunt_temple_overflow_open
D:10:     orc_david_3
D:11:     minmay_lair_entry_lava, orc_0_dummy, portal_ice_cave_entry_pillars_01
D:13:     david_vaults_3, serial_shops, statue_bzr, uniq_erolcha
D:14:     hangedman_abyss_or_decor_lesser_grid, hangedman_pestilent_swarm,
          uniq_nessos, uniq_roxanne
D:15:     gammafunk_enter_depths_forms, hangedman_decor_opposing, serial_shops,
          shop
Temple:   circular_temple_12
Lair:1:   nicolae_volcano_entry_two_sided, serial_bayou_crossing,
          lemuel_fruit_tree
Lair:2:   serial_bayou_pond_a
Lair:3:   spider_nest_entry_web_field
Lair:4:   st_stairs_5, hibernation_bobbens, uniq_josephine
Lair:5:   uniq_kirke
Lair:6:   elwin_shoals_entry_rocks, dpeg_slime_entry_enclosed_altar,
          grunt_forest_stairs_basic, serial_bayou_shore_a, grunt_megastairs_1
Lair:7:   dpeg_oklob_gauntlet, serial_bayou_shore_b
Lair:8:   wormcave, guppyfry_lair_end_dragon
Shoals:1: uniq_aizul
Shoals:3: serial_shops, shop
Shoals:4: shoals_end_simple, shoals_ilsuiw_alternative, uniq_donald
Spider:1: uniq_asterion, uniq_agnes, uniq_louise
Spider:4: grunt_spider_rune_parallel, spiders_nest_the_unseen
Orc:1:    serial_shops, shop, shop_coins, shop, shop, nicolae_orc_lava_tube,
          abandoned_shop
Orc:2:    cheibrodos_orc_bank, serial_shops, nicolae_shop_trees, basic_altar
Orc:3:    nicolae_orc_pool_cavern
Orc:4:    grunt_orc_cross, serial_shops, nicolae_shop_trees, mines_bat_river
Vaults:1: vaults_room_guarded_vault, grunt_vaults_twisty,
          ontoclasm_vaults_pinch, nicolae_vaults_hallways_thing,
          hangedman_vaults_impose
Vaults:2: nicolae_vaults_alarming, grunt_vaults_hallway_long, v_misc_25,
          vaults_room_fours, vaults_standard_mumra_x, vaults_dpeg_ring, st_star,
          serial_ice_h, v_rooms_2, hangedman_vaults_stretched_pinwheel,
          hangedman_vaults_slice
Vaults:3: hangedman_vaults_restitches, v_misc_4, nicolae_vaults_circle_grid_a,
          ontoclasm_vaults_twist, vaults_room_ringed_pool, vaults_mumra_lcd,
          vaults_room_grunt_arrival_checkpoint, v_misc_31,
          ontoclasm_vaults_loading_screen, v_misc_11, v_pattern_2,
          minmay_crypt_entry_necro_gods
Vaults:4: v_misc_2, hangedman_vaults_capsules, dpeg_vaults_monster_row,
          vaults_mumra_hex, v_misc_15, nicolae_vaults_little_squares_4,
          nicolae_vaults_yaktaur_gun_rack, ontoclasm_vaults_spin,
          ontoclasm_vaults_ligature, grunt_vaults_diagonal, serial_shops,
          nicolae_shop_crystal
Depths:1: enter_ziggurat_b, enter_trove_5, minmay_fountain_box, hell_entry,
          lemuel_flamethrower_2, grunt_megastairs_3
IceCv:    ice_cave_statue_garden_01
Volcano:  volcano_overflow

Action                   |  1- 3 |  4- 6 |  7- 9 | 10-12 | 13-15 | 16-18 | 19-21 | 22-24 || total
-------------------------+-------+-------+-------+-------+-------+-------+-------+-------++-------
Melee: Unarmed           |   114 |   153 |   406 |   934 |  1247 |  1914 |  2944 |   770 ||  8482
       Blowgun           |       |       |       |       |       |     7 |       |       ||     7
 Fire: Blowgun           |       |       |       |     2 |    22 |    27 |    41 |       ||    92
Invok: Lesser Servant of |       |       |       |     3 |       |       |       |       ||     3
 Abil: Stop Flying       |       |       |       |       |       |     2 |       |       ||     2
       Evoke Flight      |       |       |       |       |       |     2 |       |       ||     2
Evoke: Wand              |       |       |       |       |       |     3 |     2 |       ||     5
  Use: Scroll            |       |       |    11 |    12 |     2 |    16 |    11 |       ||    52
       Potion            |       |       |     6 |     2 |     5 |     1 |    12 |       ||    26
 Stab: Sleeping          |     3 |       |     4 |     7 |     9 |     5 |     5 |       ||    33
       Invisible         |       |       |       |     1 |       |       |       |       ||     1
       Distracted        |       |       |       |       |       |     1 |       |       ||     1
  Eat: Chunk             |     5 |    10 |    29 |    31 |    58 |    55 |    72 |    15 ||   275
